 Dungeon Crawl Stone Soup version 0.30.0-5-g1a98f26d00 (webtiles) character file.

Game seed: 16192689010822766312

42 retardedninja the Firebug (level 3, -9/25 HPs)
             Began as a Gnoll Fire Elementalist on May 8, 2023.
             Mangled by Terence
             ... wielding a +1 flail of protection
              (11 damage)
             ... on level 2 of the Dungeon.
             The game lasted 00:02:02 (1856 turns).

retardedninja the Firebug (Gnoll Fire Elementalist) Turns: 1856, Time: 00:02:03

Health: -9/25      AC:  2    Str:  7    XL:     3   Next: 56%
Magic:  3/9        EV: 13    Int: 16    God:
Gold:   136        SH:  0    Dex: 12    Spells: 11/12 levels left

rFire   . . .        i - +0 morningstar
rCold   . . .        (no shield)
rNeg    . . .        a - +0 robe
rPois   .            (no helmet)
rElec   .            (no cloak)
rCorr   .            (no gloves)
SInv    .            (no boots)
Will    .....        (no amulet)
Stlth   ++           (no ring)
HPRegen 0.24/turn    (no ring)
MPRegen 0.11/turn

%: no passive effects
@: mighty
A: fangs 1, strong nose, distributed training
a: no special abilities


You were on level 2 of the Dungeon.
You visited 1 branch of the dungeon, and saw 2 of its levels.

You collected 136 gold pieces.

Inventory:

Hand Weapons
 i - a +0 morningstar (weapon)
Armour
 a - a +0 robe (worn)
Scrolls
 f - a scroll of brand weapon {unknown}
 j - a scroll of teleportation {unknown}
 k - a scroll of identify {unknown}
 l - a scroll of blinking {unknown}
 m - a scroll of noise {unknown}
Potions
 b - a potion of magic
 c - a potion of degeneration {unknown}
 d - a potion of cancellation {unknown}
 e - a potion of ambrosia {unknown}
 g - a potion of resistance {unknown}
 h - 2 potions of might
 n - a potion of haste {unknown}


   Skills:
 + Level 0.9 Fighting
 + Level 0.9 Short Blades
 + Level 0.9 Long Blades
 + Level 0.9 Axes
 + Level 0.9 Maces & Flails
 + Level 0.9 Polearms
 + Level 0.9 Staves
 + Level 0.9 Ranged Weapons
 + Level 0.9 Throwing
 + Level 0.9 Armour
 + Level 4.5 Dodging
 + Level 4.2 Stealth
 + Level 0.9 Shields
 + Level 0.9 Unarmed Combat
 + Level 5.0 Spellcasting
 + Level 2.1 Conjurations
 + Level 0.6 Hexes
 + Level 0.6 Summonings
 + Level 0.6 Necromancy
 + Level 0.6 Translocations
 + Level 0.6 Transmutations
 + Level 5.4 Fire Magic
 + Level 0.6 Ice Magic
 + Level 0.6 Air Magic
 + Level 0.6 Earth Magic
 + Level 0.6 Poison Magic
 + Level 1.0 Invocations
 + Level 0.9 Evocations


You had 11 spell levels left.
You knew the following spells:

 Your Spells              Type           Power      Damage    Failure   Level
a - Foxfire               Conj/Fire      64%        2x1d7     3%          1

Your spell library contained the following spells:

 Spells                   Type           Power      Damage    Failure   Level
 Scorch                   Fire           42%        2d6       2%          2
 Inner Flame              Hex/Fire       13%        N/A       13%         3
 Volatile Blastmotes      Fire/Tloc      26%        2d12      13%         3
 Flame Wave               Conj/Fire      16%        2d7       32%         4


Dungeon Overview and Level Annotations

Branches:
Dungeon (2/15)

Altars:

Shops:
D:1 *

Annotations:
D:2 Jessica, Terence


Innate Abilities, Weirdness & Mutations

You have very sharp teeth.
Your uncanny sense of smell can sniff out nearby items.
Your experience applies equally to all skills.


Message History

Terence is heavily wounded.
Your foxfire dissipates!
Jessica the Apprentice Sorceress comes into view.
She is wielding a +0 dagger.
Terence hits you with a +1 flail of protection.
The foxfire hits Terence but does no damage.
Terence is heavily wounded.
Terence hits you with a +1 flail of protection.
Casting: Foxfire (safe; 3% risk of failure)
Press: ? - help, Q - select action Dir - look around, f - activate You conjure some foxfire!
Jessica shouts!
Terence hits you with a +1 flail of protection.
The foxfire hits Terence.
Terence is severely wounded.
Terence closely misses you.
Casting: Foxfire (safe; 3% risk of failure)
Press: ? - help, Q - select action Dir - look around, f - activate You conjure some foxfire!
Terence closely misses you.
Jessica mumbles something strange.
The foxfire hits Terence but does no damage.
Terence is severely wounded.
Terence barely misses you.
Casting: Foxfire (safe; 3% risk of failure)
Press: ? - help, Q - select action Dir - look around, f - activate You conjure some foxfire!
Terence hits you with a +1 flail of protection!
* * * LOW HITPOINT WARNING * * *
Jessica grins evilly.
You closely miss Terence.
Terence is severely wounded.
The foxfire hits Terence but does no damage.
Terence is severely wounded.
Jessica gestures wildly while chanting.
Jessica seems to speed up.
Terence closely misses you. Terence barely misses you.
It was a potion of might.
You feel very mighty all of a sudden.
Terence hits you with a +1 flail of protection!
You die...

...# #.# #.#
...#######.#
#.#
...........#
#.#
############
#.# ... #.#
... #.# ##.
#.# ###.#
#@@@#
#...### #.##
.. >. #


You could see Terence and Jessica (fast).

Vanquished Creatures
  An adder (D:2)
  A worm (D:2)
  4 ball pythons
  3 bats
  8 endoplasms
  A hobgoblin (D:2)
  2 goblins (D:1)
  3 kobolds (D:1)
  6 rats
29 creatures vanquished.

Vanquished Creatures (others)
  154 foxfires
154 creatures vanquished.

Grand Total: 183 creatures vanquished

Notes
Turn   | Place    | Note
-------+----------+-------------------------------------------
     0 | D:1      | retardedninja the Gnoll Fire Elementalist began the quest
                  | for the Orb.
     0 | D:1      | Reached XP level 1. HP: 13/13 MP: 6/6
   182 | D:1      | Reached XP level 2. HP: 20/20 MP: 2/7
   261 | D:1      | Found Oluinwit's General Store.
  1124 | D:2      | Reached skill level 5 in Spellcasting
  1124 | D:2      | Reached XP level 3. HP: 19/25 MP: 0/9
  1633 | D:2      | Reached skill level 1 in Invocations
  1841 | D:2      | Noticed Terence
  1847 | D:2      | Noticed Jessica
  1854 | D:2      | HP: 1/25 [Terence/+1 flail of protection (10)]
  1856 | D:2      | Mangled by Terence

Illustrated notes

Levels and vault maps discovered:
D:1:      amcnicky_arrival_abandoned_market, layout_basic, serial_shops, shop
D:2:      layout_basic, uniq_terence, uniq_jessica

Skill      XL: |  1  2  3 |
---------------+----------+-----
Conjurations   | 2 |  2.1
Spellcasting   | 5 |  5.0
Invocations    | 1 |  1.0
Fighting       | |  0.9
Short Blades   | |  0.9
Long Blades    | |  0.9
Axes           | |  0.9
Maces & Flails | |  0.9
Polearms       | |  0.9
Staves         | |  0.9
Ranged Weapons | |  0.9
Throwing       | |  0.9
Armour         | |  0.9
Dodging        | |  4.5
Stealth        | |  4.2
Shields        | |  0.9
Unarmed Combat | |  0.9
Hexes          | |  0.6
Summonings     | |  0.6
Necromancy     | |  0.6
Translocations | |  0.6
Transmutations | |  0.6
Fire Magic     | |  5.4
Ice Magic      | |  0.6
Air Magic      | |  0.6
Earth Magic    | |  0.6
Poison Magic   | |  0.6
Evocations     | |  0.9

Action                     || total
---------------------------++-------
  Melee: Morningstar       ||     1
   Cast: Foxfire           ||    91
    Use: Potion            ||     1
 Armour: Robe              ||     5
  Dodge: Dodged            ||    12
